 Dungeon Crawl Stone Soup version 0.31.0-9-g3a7656b989 (webtiles) character file.

Game seed: 3987907908265525924

135 qw the Skirmisher (level 4, -1/25 HPs)
             Began as a Deep Elf Hunter on Feb 2, 2024.
             Incinerated by a bombardier beetle (3 damage)
             ... with a burning spray
             ... on level 3 of the Dungeon.
             The game lasted 00:00:08 (1566 turns).

qw the Skirmisher (Deep Elf Hunter)                 Turns: 1566, Time: 00:00:08

Health: -1/25      AC:  6    Str: 10    XL:     4   Next: 96%
Magic:  6/6        EV:  9    Int: 14    God:
Gold:   52         SH:  5    Dex: 18    Spells: 3/3 levels left

rFire   . . .        a - +0 shortbow
rCold   . . .        (shield currently unavailable)
rNeg    . . .        g - +0 scale mail
rPois   .            (no helmet)
rElec   .            (no cloak)
rCorr   .            (no gloves)
SInv    .            (no boots)
Will    .....        d - amulet of reflection
Stlth   +            (no ring)
HPRegen 0.24/turn    (no ring)
MPRegen 0.10/turn

%: reflection
@: on fire, glowing
A: no striking features
a: no special abilities


You were on level 3 of the Dungeon.
You visited 1 branch of the dungeon, and saw 3 of its levels.

You collected 52 gold pieces.


   Skills:
 - Level 1.5 Fighting
 + Level 8.3 Ranged Weapons
 - Level 2.4 Dodging
 - Level 1.2 Stealth


You had 3 spell levels left.
You didn't know any spells.
Your spell library was empty.

Inventory:

Hand Weapons
 a - a +0 shortbow (weapon)
Armour
 g - a +0 scale mail (worn)
Jewellery
 d - an amulet of reflection (around neck)
Scrolls
 c - a scroll of identify {unknown}
 i - a scroll of teleportation
Potions
 b - a potion of curing {unknown}
 f - a potion of resistance {unknown}
 h - a potion of lignification {unknown}

Dungeon Overview and Level Annotations

Branches:
Dungeon (3/15)

Altars:

Shops:
D:2 :


Message History

The arrow completely misses the bombardier beetle.
You shoot an arrow. The arrow hits the bombardier beetle!
The bombardier beetle is heavily wounded.
You shoot an arrow. The arrow hits the bombardier beetle.
The bombardier beetle is severely wounded.
You shoot an arrow.
The arrow hits the bombardier beetle but does no damage.
The bombardier beetle is severely wounded.
You shoot an arrow.
The arrow hits the bombardier beetle but does no damage.
The bombardier beetle is severely wounded.
You shoot an arrow.
The arrow barely misses the bombardier beetle.
You shoot an arrow. The arrow hits the bombardier beetle.
The bombardier beetle is almost dead.
You shoot an arrow.
The arrow barely misses the bombardier beetle.
The bombardier beetle sprays incendiary fluid at you.
The burning spray hits you.
You are covered in liquid fire!
You shoot an arrow. The arrow hits the bombardier beetle!
You kill the bombardier beetle!
The liquid fire burns you!
A goblin comes into view. It is wielding a +0 dagger.
Your Ranged Weapons skill increases to level 8!
1561 ||| FLEEEEING.
You shake off some of the fire as you move.
The liquid fire burns you!
1562 ||| FLEEEEING.
You shake off some of the fire as you move.
The liquid fire burns you!
You are on fire!
The liquid fire burns you!
You are on fire!
The liquid fire burns you!
You are on fire!
The liquid fire burns you!
You are on fire!
The liquid fire burns you!
You die...

. +.+.+ . #. #.#.# .# g
#.#.# .#### #.#)#.#.##..###
. #.#.#.#.##....# ...
#..#..###....#
.....##.#.##......#
.........@........#
........##........#
.....?..##........PPPP
........##........PP~P.
........##......P~~~~~P
##########.......P~~~~~
##.......##.......~777~~
#.....##.##.####.~~~~7~~~P#
#.....##........~~~77~77~~~


There were no monsters in sight!

Vanquished Creatures
  A bombardier beetle (D:3)
  4 adders (D:2)
  A ribbon worm (D:1)
  2 orcs (D:3)
  6 ball pythons
  6 endoplasms
  8 goblins
  6 hobgoblins
  3 quokkas (D:1)
  3 bats
  4 frilled lizards
  6 kobolds
  9 rats
59 creatures vanquished.

Notes
Turn   | Place    | Note
-------+----------+-------------------------------------------
     0 | D:1      | qw the Deep Elf Hunter began the quest for the Orb.
     0 | D:1      | Reached XP level 1. HP: 12/12 MP: 3/3
     0 | D:1      | 0 ||| qw: Version: 0.3-a-155-g5e7d8dd
     0 | D:1      | 0 ||| qw: Game counter: 691
     0 | D:1      | 0 ||| qw: Melee chars always use a shield: true
     0 | D:1      | 0 ||| qw: God list: Okawaru
     0 | D:1      | 0 ||| qw: Allow faded altars: false
     0 | D:1      | 0 ||| qw: Do Orc after clearing Dungeon:15 true
     0 | D:1      | 0 ||| qw: Do second Lair branch before Depths: true
     0 | D:1      | 0 ||| qw: Lair rune preference: random
     0 | D:1      | 0 ||| qw: Goals: Normal
     0 | D:1      | 0 ||| PLANNING D:1-11
   100 | D:1      | Reached skill level 6 in Ranged Weapons
   100 | D:1      | Reached XP level 2. HP: 16/16 MP: 4/4
   286 | D:1      | Reached XP level 3. HP: 20/20 MP: 5/5
   437 | D:1      | 437 ||| UPGRADING to amulet of reflection.
   442 | D:1      | 442 ||| READING 2 scrolls labelled RESIERI QAOGA.
   443 | D:1      | 443 ||| READING scroll labelled BAYMIH YNIHUMN.
   447 | D:1      | 447 ||| DROPPING scroll of butterflies.
   448 | D:1      | 448 ||| DROPPING scroll of poison.
   466 | D:2      | 466 ||| STAIRDANCE
   552 | D:2      | 552 ||| FLEEEEING.
   553 | D:2      | 553 ||| FLEEEEING.
   719 | D:2      | Reached skill level 7 in Ranged Weapons
   862 | D:2      | Reached XP level 4. HP: 25/25 MP: 6/6
   959 | D:2      | Found Ucsod's Book Shoppe.
  1198 | D:2      | 1198 ||| UPGRADING to +0 scale mail.
  1208 | D:2      | 1208 ||| DROPPING +0 leather armour.
  1209 | D:2      | 1209 ||| READING scroll labelled YTIOTES SYCZIT.
  1209 | D:2      | 1209 ||| ENCHANTING +0 shortbow.
  1210 | D:2      | 1210 ||| READING 2 scrolls labelled ZOWAOS LARU.
  1311 | D:2      | 1311 ||| DROPPING scroll of vulnerability.
  1561 | D:3      | Reached skill level 8 in Ranged Weapons
  1561 | D:3      | 1561 ||| FLEEEEING.
  1562 | D:3      | 1562 ||| FLEEEEING.
  1564 | D:3      | HP: 6/25 [burnt (5)]
  1565 | D:3      | HP: 2/25 [burnt (4)]
  1566 | D:3      | Incinerated by a bombardier beetle

Levels and vault maps discovered:
D:1:      dpeg_arrival_ratfight, layout_rooms, chequers_serial_rivers_marsh,
          minmay_cut_off
D:2:      layout_rooms, serial_shops, shop_fountains, nicolae_eternal_life,
          dk_noncrumbling_3, minmay_pentomino_s2
D:3:      layout_basic, interstate_on_off, st_stairs_6, serial_bayou_lagoon_a

Skill      XL: |  1  2  3  4 |
---------------+-------------+-----
Ranged Weapons | 6 7 8 |  8.3
Fighting       | |  1.5
Dodging        | |  2.4
Stealth        | |  1.2

Action                     |  1- 3 |  4- 6 || total
---------------------------+-------+-------++-------
   Fire: Shortbow          |   120 |    46 ||   166
    Use: Scroll            |     2 |     2 ||     4
 Armour: Leather armour    |    13 |     2 ||    15
         Scale mail        |       |     4 ||     4
  Dodge: Dodged            |     9 |     5 ||    14
  Block: Other             |     4 |     6 ||    10
         Reflection        |     1 |     1 ||     2

Table legend:
 A = Non-vault XP
 B = Vault XP
 C = Vault XP percentage of total XP
 D = Non-vault monster count
 E = Vault monster count
 F = Vault count percentage of total count
                 A         B        C        D         E       F
            +---------+---------+-------+---------+---------+-------
      Total |     180 |      13 |   6.7 |      50 |       9 |  15.3
            +---------+---------+-------+---------+---------+-------
        D:1 |      36 |      11 |  23.4 |      21 |       8 |  27.6
        D:2 |      80 |       2 |   2.4 |      20 |       1 |   4.8
        D:3 |      64 |       0 |   0.0 |       9 |       0 |   0.0
            +---------+---------+-------+---------+---------+-------
